 Dungeon Crawl Stone Soup version 0.31.0-1-g2c135a0 (webtiles) character file.

Game seed: 7295209958516510592

47 GnostlyHero the Magician (level 3, -4/28 HPs)
             Began as a Djinni Hedge Wizard on Jan 28, 2024.
             Killed from afar by Natasha (10 damage)
             ... with a magic dart
             ... on level 3 of the Dungeon.
             The game lasted 00:11:32 (1562 turns).

GnostlyHero the Magician (Djinni Hedge Wizard)      Turns: 1562, Time: 00:11:35

Health: -4/28      AC:  2    Str:  9    XL:     3   Next: 97%
Gold:   66         EV: 12    Int: 17    God:
                   SH:  0    Dex: 12

rFire   + + .        f - +1 short sword (venom)
rCold   x . .        (no shield)
rNeg    . . .        b - +0 robe
rPois   ∞            c - +0 hat
rElec   .            (no cloak)
rCorr   .            (no gloves)
SInv    +            (boots unavailable)
Will    .....        (no amulet)
Stlth   ++           (no ring)
HPRegen 0.24/turn    (no ring)
MPRegen 0.00/turn

%: infuse magic (-5 HP)
@: flying
A: sickness immunity, fire resistance 2, cold vulnerability 1, float, innate
caster, HP casting, extra vitality 1, see invisible
a: no special abilities


You were on level 3 of the Dungeon.
You visited 1 branch of the dungeon, and saw 3 of its levels.

You collected 66 gold pieces.

Inventory:

Hand Weapons
 a - a +0 dagger
 f - a +1 short sword of venom (weapon)
Armour
 b - a +0 robe (worn)
 c - a +0 hat (worn)
 d - a +0 robe
 e - a +0 pair of boots
Scrolls
 h - a scroll of identify {unknown}
Potions
 g - a potion of curing


   Skills:
 + Level 2.2 Fighting
 - Level 2.1 Dodging
 - Level 1.5 Stealth
 + Level 3.5 Spellcasting
 + Level 3.5 Conjurations
 + Level 3.5 Hexes
   Level 0.0 Charms
 + Level 3.5 Summonings
 + Level 3.5 Necromancy
 + Level 3.5 Translocations
   Level 0.0 Transmutations
 + Level 3.5 Fire Magic
 + Level 3.5 Ice Magic
 + Level 3.5 Air Magic
 + Level 3.5 Earth Magic
 + Level 3.5 Alchemy


You knew the following spells:

 Your Spells              Type           Power      Damage    Failure   Level
a - Magic Dart            Conj           60%        1d6       3%          1
b - Slow                  Hex            60%        N/A       3%          1
c - Blink                 Tloc           30%        N/A       6%          2
d - Call Imp              Summ           30%        N/A       6%          2
e - Mephitic Cloud        Conj/Alch/Air  15%        N/A       12%         3
f - Summon Small Mammal   Summ           60%        N/A       3%          1
Your spell library was empty.

Dungeon Overview and Level Annotations

Branches:
Dungeon (3/15)

Altars:

Annotations:
D:3 Natasha


Innate Abilities, Weirdness & Mutations

You are immune to sickness and miasma.
You are immune to poison.
Your flesh is very heat resistant. (rF++)
You are vulnerable to cold. (rC-)
You float through the air rather than walking.
You learn spells naturally, not from books.
Your magical power is your life essence.
You have superior vitality. (+4 MHP)
You have supernaturally acute eyesight. (SInv)


Message History

Found 6 boomerangs.
Your cerulean imp hits the cerulean imp with a -3 spear.
Natasha attacks as she pursues you! Natasha misses you.
A ribbon worm comes into view.
Natasha closely misses you.
Your cerulean imp hits Natasha from afar with a -3 spear.
There is a stone staircase leading up here.
Casting: Call Imp (safe; 6% risk of failure)
Confirm with . or Enter, or press ? or * to list all spells.
You blink.
* * * LOW HITPOINT WARNING * * *
Your cerulean imp hits Natasha but does no damage.
Natasha stares at you and mumbles some strange words.
The magic dart hits your cerulean imp!
Casting: Blink (safe; 6% risk of failure)
Confirm with . or Enter, or press ? or * to list all spells.
Okay, then.
Casting: Blink (safe; 6% risk of failure)
Confirm with . or Enter, or press ? or * to list all spells.
Okay, then.
Casting: Mephitic Cloud (quite dangerous; 12% risk of failure)
Confirm with . or Enter, or press ? or * to list all spells.
* * * LOW HITPOINT WARNING * * *
Your cerulean imp closely misses Natasha.
Natasha claws your cerulean imp!
Your cerulean imp dies!
Your cerulean imp disappears in a puff of smoke!
Natasha howls an incantation.
You feel disoriented.
There are no items here.
Your bat misses Natasha.
Your bat hits Natasha but does no damage.
Natasha attacks as she pursues you! Natasha closely misses you.
You feel ready to blink again.
Your bat hits Natasha but does no damage.
Your bat misses Natasha.
Natasha stares at you and mumbles some strange words.
The magic dart hits you!
You die...
Natasha curls up and begins to purr.

### #.. #.# .#
#######.#####
.#
w...........#
.#
##.....(.b#.#
.#
#.####.#h#.#
.# #§#.#.# .#
#.#@#.###.####
#.#.#........#
#<........##.#
###...#####
###.# #.# #.#
#.# #.#


You could see Natasha (ally target) and a friendly bat (summoned).

Vanquished Creatures
  A ribbon worm (D:2)
  An orc (D:3)
  5 ball pythons
  4 endoplasms
  A giant cockroach (D:1)
  A goblin (D:1)
  A hobgoblin (D:1)
  3 jackals (D:1)
  4 kobolds
  3 quokkas (D:1)
  6 bats
  3 frilled lizards
  A rat (D:2)
34 creatures vanquished.

Vanquished Creatures (collateral kills)
  An endoplasm (D:1)
  A hobgoblin (D:2)
  A jackal (D:1)
3 creatures vanquished.

Grand Total: 37 creatures vanquished

Notes
Turn   | Place    | Note
-------+----------+-------------------------------------------
     0 | D:1      | GnostlyHero the Djinni Hedge Wizard began the quest for the
                  | Orb.
     0 | D:1      | GnostlyHero set off with the following spells memorised:
                  | Magic Dart, Slow, Blink, Call Imp, Mephitic Cloud.
     0 | D:1      | Reached XP level 1. HP: 15/15 MP: 0/0
     2 | D:1      | Noticed a merfolk
     2 | D:1      | Noticed a tengu
     4 | D:1      | Noticed an armataur
     4 | D:1      | Noticed a barachi
     6 | D:1      | Noticed a naga
     6 | D:1      | Noticed a vine stalker
     8 | D:1      | Noticed a vampire
     8 | D:1      | Noticed a human
    10 | D:1      | Noticed a ghoul
    10 | D:1      | Noticed a demigod
    12 | D:1      | Noticed a minotaur
    12 | D:1      | Noticed a spriggan
    14 | D:1      | Noticed an oni
    16 | D:1      | Noticed a troll
    18 | D:1      | Noticed a gargoyle
    20 | D:1      | Noticed an elf
    20 | D:1      | Noticed a formicid
    22 | D:1      | Noticed a demonspawn
    24 | D:1      | Noticed an octopode
    24 | D:1      | Noticed a felid
    26 | D:1      | Noticed a draconian
    26 | D:1      | Noticed a djinni
   162 | D:1      | Reached XP level 2. HP: 22/22 MP: 0/0
   236 | D:1      | Reached skill level 1 in Fighting
   558 | D:1      | Reached XP level 3. HP: 12/27 MP: 0/0
   558 | D:1      | Learned a level 1 spell: Summon Small Mammal
  1065 | D:2      | Gained mutation: You have supernaturally acute eyesight.
                  | (SInv) [potion of mutation]
  1537 | D:3      | Noticed Natasha
  1562 | D:3      | Killed from afar by Natasha

Illustrated notes

Levels and vault maps discovered:
D:1:      kb_arrival_jail, layout_loops_ring, minmay_pentomino_q2
D:2:      layout_basic
D:3:      cheibrodos_pilgrimage, layout_loops_ring,
          hellmonk_ecumenical_altar_arch_garden, uniq_jessica, uniq_natasha

Skill      XL: |  1  2  3 |
---------------+----------+-----
Fighting       | 1 2 |  2.2
Dodging        | |  2.1
Stealth        | |  1.5
Spellcasting   | |  3.5
Conjurations   | |  3.5
Hexes          | |  3.5
Summonings     | |  3.5
Necromancy     | |  3.5
Translocations | |  3.5
Fire Magic     | |  3.5
Ice Magic      | |  3.5
Air Magic      | |  3.5
Earth Magic    | |  3.5
Alchemy        | |  3.5

Action                     || total
---------------------------++-------
  Melee: Dagger            ||     3
         Punch             ||     1
   Cast: Magic Dart        ||    94
         Call Imp          ||     5
         Summon Small Mamm ||     1
         Blink             ||     1
    Use: Scroll            ||     4
         Potion            ||     8
 Armour: Robe              ||    26
  Dodge: Dodged            ||    33
